 Dungeon Sprint DCSS version 0.29-a0-251-g80730f7218 (webtiles) character file.

Game seed: 12023982891522368923

289016 rocky1 the Petrodigitator (level 18, -3/126 HPs)
             Began as a Gargoyle Earth Elementalist on Mar 5, 2022.
             Was the Champion of Sif Muna.
             Slain by an Executioner (12 damage)
             ... summoned by Gloorx Vloq
             ... in the Dungeon (Sprint III: "The Ten Rune Challenge") on Mar 6, 2022.
             The game lasted 02:07:02 (21289 turns).

rocky1 the Petrodigitator (GrEE)                   Turns: 21289, Time: 02:07:02

Health: -3/126     AC: 45    Str: 10      XL:     18   Next: 29%
Magic:  7/43       EV:  9    Int: 39      God:    Sif Muna [******]
Gold:   1689       SH: 19    Dex:  9 (10) Spells: 6/60 levels left

rFire   + . .      SeeInvis +   C - staff of fire
rCold   + + +      Faith    .   T - +1 kite shield {AC+3}
rNeg    + . .      Spirit   .   R - +1 scale mail "Toehioh" {Contam rC+ Int+9 Slay+3}
rPois   ∞          Reflect  +   E - +2 hat {Stlth+}
rElec   +          Harm     .   K - +4 dragonskin cloak
rCorr   .          Rampage  .   j - +1 pair of gloves
Will    +....      NoTele   +   v - +2 pair of boots {Fly}
Stlth   +.........              U - amulet of reflection
HPRegen 0.31/turn               J - +6 ring of intelligence
MPRegen 0.28/turn               e - ring "Tecroq" {rPois rC++ SInv}

@: channelling, flying, hasted, studying Bows, very quick
A: sickness immunity, AC +13, big wings, negative energy resistance 1,
electricity resistance, torment resistance 1, petrification resistance, mutation
resistance 1, weak 1
}: 6/10 runes: decaying, serpentine, slimy, silver, golden, demonic
a: Renounce Religion, Channel Magic, Forget Spell, Divine Exegesis


You were in the Dungeon.
You worshipped Sif Muna.
Sif Muna was exalted by your worship.
You visited 1 branch You collected 5635 gold pieces.
You spent 3946 gold pieces at shops.

Inventory:

Hand Weapons
 h - a +2 sacred scourge of holy wrath
 P - a +6 demon whip of freezing
Missiles
 f - 7 curare-tipped darts
Armour
 j - a +1 pair of gloves (worn)
 v - a +2 pair of boots of flying (worn)
 E - a +2 hat of stealth (worn)
 K - the +4 dragonskin cloak (worn)
   (You took it off Tiamat in the Dungeon)

   It grants the wearer a chance to resist fire, cold, poison, electricity,
   acid, and negative energy.
 R - the +1 scale mail "Toehioh" (worn) {Contam rC+ Int+9 Slay+3}
   (You took it off a deep elf high priest in the Dungeon)

   Int:       It affects your intelligence (+9).
   Slay:      It affects your accuracy & damage with ranged weapons and melee
   (+3).
   rC:        It protects you from cold.
   Contam:    It causes magical contamination when unequipped.
 T - a +1 kite shield of protection (worn)
Magical Staves
 C - a staff of fire (weapon)
 S - a staff of earth
Jewellery
 e - the ring "Tecroq" (right hand) {rPois rC++ SInv}
   (You found it in the Dungeon)

   [ring of see invisible]

   rC:        It greatly protects you from cold.
   rPois:     It protects you from poison.
   SInv:      It lets you see invisible.
 g - a +4 ring of slaying
 u - a ring of fire
 J - a +6 ring of intelligence (left hand)
 U - an amulet of reflection (around neck)
 V - a ring of protection from fire
 X - a ring of magical power
 Y - a ring of protection from fire
Wands
 d - a wand of digging (14)
 q - a wand of paralysis (4)
 s - a wand of acid (6)
 x - a wand of mindburst (20)
 H - a wand of iceblast (26)
Scrolls
 i - 2 scrolls of enchant armour
 l - a scroll of immolation
 n - 5 scrolls of acquirement
 A - 2 scrolls of enchant weapon
 F - a scroll of torment
 G - 7 scrolls of identify
 L - 3 scrolls of silence
Potions
 b - 3 potions of haste
 c - 13 potions of curing
 k - 8 potions of mutation
 m - 3 potions of resistance
 o - 3 potions of brilliance
 p - a potion of cancellation
 t - 2 potions of lignification
 z - a potion of attraction
 Z - 2 potions of ambrosia
Miscellaneous
 a - a condenser vane
 w - a lightning rod (4/4)
 N - a phial of floods
 W - a phantom mirror


   Skills:
 + Level 18.4 Fighting
 + Level 25.0 Armour
 - Level 1.5 Dodging
 - Level 2.1 Stealth
 + Level 16.8 Shields
 + Level 21.9 Spellcasting
 O Level 27 Conjurations
 - Level 5.1 Translocations
 - Level 0.7 Transmutations
 + Level 23.3 Fire Magic
 O Level 27 Earth Magic
 - Level 17.7 Invocations
 - Level 6.5 Evocations


You had 6 spell levels left.
You knew the following spells:

 Your Spells              Type           Power      Damage    Failure   Level
a - Iron Shot             Conj/Erth      65%        9d12      0%          6
b - Lee's Rapid Deconstr  Erth           65%        3d31*     0%          5
c - Shatter               Erth           65%        3d48*     3%          9
d - Fire Storm            Conj/Fire      75%        8d19      8%          9
e - Orb of Destruction    Conj           65%        9d15      1%          7
f - Blink                 Tloc           100%       N/A       1%          2
g - Lehudib's Crystal Sp  Conj/Erth      65%        10d15     1%          8
h - Ignition              Fire           73%        3d19      1%          8

Your spell library contained the following spells:

 Spells                   Type           Power      Damage    Failure   Level
 Foxfire                  Conj/Fire      100%       2x1d9     0%          1
 Magic Dart               Conj           100%       1d8       0%          1
 Sandblast                Erth           100%       2d20      0%          1
 Shock                    Conj/Air       100%       1d9       0%          1
 Passwall                 Tmut/Erth      83%        N/A       0%          2
 Scorch                   Fire           100%       2d10      0%          2
 Searing Ray              Conj           100%       2d8       0%          2
 Static Discharge         Conj/Air       99%        N/A       0%          2
 Conjure Flame            Conj/Fire      100%       6-21      0%          3
 Stone Arrow              Conj/Erth      100%       3d13      0%          3
 Flame Wave               Conj/Fire      100%       2d17      0%          4
 Sticky Flame             Conj/Fire      100%       2d11      0%          4
 Fireball                 Conj/Fire      75%        3d28      0%          5
 Iskenderun's Battlesphe  Conj           100%       2d15      0%          5
 Starburst                Conj/Fire      75%        6d19      0%          6
 Apportation              Tloc           100%       N/A       1%          1
 Beastly Appendage        Tmut           96%        N/A       1%          1
 Sting                    Tmut/Pois      100%       1d8       1%          1
 Dazzling Flash           Conj/Hex       100%       N/A       1%          3
 Gell's Gravitas          Tloc           70%        N/A       1%          3
 Ignite Poison            Fire/Tmut/Pois 100%       N/A       1%          3
 Inner Flame              Hex/Fire       100%       N/A       1%          3
 Lesser Beckoning         Tloc           70%        N/A       1%          3
 Mephitic Cloud           Conj/Pois/Air  85%        N/A       1%          3
 Teleport Other           Tloc           70%        N/A       1%          3
 Animate Armour           Summ/Erth      100%       N/A       1%          4
 Fulminant Prism          Conj/Hex       49%        3d21      1%          4
 Hailstorm                Conj/Ice       99%        3d19      1%          4
 Iskenderun's Mystic Bla  Conj/Tloc      100%       2d19      1%          4
 Leda's Liquefaction      Hex/Erth       49%        N/A       1%          4
 Petrify                  Tmut/Erth      100%       N/A       1%          4
 Borgnjor's Vile Clutch   Necr/Erth      49%        N/A       1%          5
 Freezing Cloud           Conj/Ice/Air   42%        6-21      1%          5
 Irradiate                Conj/Tmut      50%        3d30      1%          5
 Lightning Bolt           Conj/Air       49%        1d70      1%          5
 Conjure Ball Lightning   Conj/Air       49%        3x3d17    1%          6
 Animate Skeleton         Necr           84%        N/A       2%          1
 Freeze                   Ice            100%       1d11      2%          1
 Pain                     Necr           100%       1d9       2%          1
 Summon Small Mammal      Summ           100%       N/A       2%          1
 Wereblood                Tmut           48%        N/A       2%          2
 Portal Projectile        Hex/Tloc       100%       N/A       2%          3
 Passage of Golubria      Tloc           70%        N/A       2%          4
 Call Imp                 Summ           42%        N/A       3%          2
 Corpse Rot               Necr/Air       84%        N/A       3%          2
 Ensorcelled Hibernation  Hex/Ice        84%        N/A       3%          2
 Poisonous Vapours        Pois/Air       84%        N/A       3%          2
 Spider Form              Tmut/Pois      45%        N/A       5%          3
 Call Canine Familiar     Summ           42%        N/A       7%          3
 Confusing Touch          Hex            42%        N/A       7%          3
 Frozen Ramparts          Ice            84%        1d10      7%          3
 Ozocubu's Armour         Ice            42%        N/A       7%          3
 Summon Guardian Golem    Hex/Summ       42%        N/A       7%          3
 Swiftness                Air            42%        N/A       7%          3
 Tukima's Dance           Hex            42%        N/A       7%          3
 Vampiric Draining        Necr           42%        2d9       7%          3
 Manifold Assault         Tloc           70%        N/A       7%          5
 Ice Form                 Ice/Tmut       45%        N/A       19%         4
 Airstrike                Air            21%        N/A       22%         4
 Anguish                  Hex/Necr       21%        N/A       22%         4
 Cause Fear               Hex            21%        N/A       22%         4
 Dispel Undead            Necr           42%        3d17      22%         4
 Olgreb's Toxic Radiance  Pois           42%        N/A       22%         4
 Summon Ice Beast         Ice/Summ       42%        N/A       22%         4
 Summon Lightning Spire   Summ/Air       42%        N/A       22%         4
 Summon Forest            Summ/Tloc      29%        N/A       22%         5
 Dispersal                Tloc           35%        N/A       36%         6
 Blade Hands              Tmut           24%        N/A       41%         5
 Alistair's Intoxication  Tmut/Pois      30%        N/A       45%         5
 Yara's Violent Unravell  Hex/Tmut       22%        3d10      45%         5
 Agony                    Necr           42%        N/A       52%         5
 Excruciating Wounds      Necr           21%        N/A       52%         5
 Metabolic Englaciation   Hex/Ice        21%        N/A       52%         5
 Silence                  Hex/Air        21%        N/A       52%         5
 Summon Mana Viper        Hex/Summ       42%        N/A       52%         5
 Eringya's Noxious Bog    Tmut/Pois      22%        N/A       96%         6
 Death Channel            Necr           21%        N/A       98%         6
 Simulacrum               Ice/Necr       21%        N/A       98%         6
 Summon Cactus Giant      Summ           21%        N/A       98%         6
 Spellforged Servitor     Conj/Summ      49%        N/A       8%          7
 Dragon Form              Tmut           24%        N/A       100%        7
 Enfeeble                 Hex            21%        N/A       100%        7
 Haunt                    Necr/Summ      21%        N/A       100%        7
 Malign Gateway           Summ/Tloc      29%        N/A       100%        7
 Monstrous Menagerie      Summ           21%        N/A       100%        7
 Ozocubu's Refrigeration  Ice            21%        4d9       100%        7
 Storm Form               Tmut/Air       22%        N/A       100%        7
 Summon Hydra             Summ           21%        N/A       100%        7
 Borgnjor's Revivificati  Necr           21%        N/A       100%        8
 Disjunction              Tloc           35%        N/A       100%        8
 Infestation              Necr           21%        N/A       100%        8
 Maxwell's Capacitive Co  Air            21%        ∞         100%        8
 Necromutation            Tmut/Necr      22%        N/A       100%        8
 Summon Horrible Things   Summ           21%        N/A       100%        8
 Chain Lightning          Conj/Air       49%        3d66      100%        9
 Death's Door             Necr           21%        N/A       100%        9
 Dragon's Call            Summ           21%        N/A       100%        9
 Statue Form              Tmut/Erth      Unusable   N/A       N/A         6

Dungeon Overview and Level Annotations

Branches:
Dungeon (1/1)

Altars:
Cheibriados
Dithmenos
Elyvilon
Fedhas
Gozag
Hepliaklqana
Kikubaaqudgha
Makhleb
Nemelex Xobeh
Okawaru
Qazlal
Ru
Sif Muna
Trog
Uskayaw
Vehumet
Wu Jian
Xom
Yredelemnul
Zin
The Shining One
Beogh
Jiyva
Lugonu

Shops:
D =?[!:[[![[!!!?:=:=!:([[

Annotations:
D Gloorx Vloq


Innate Abilities, Weirdness & Mutations

You are immune to sickness and miasma.
Your stone body is resilient. (AC +13)
You are immune to poison.
Your large and strong wings let you fly.
You resist negative energy. (rN+)
You are resistant to electric shocks. (rElec)
You are resistant to unholy torment.
You are immune to petrification.
You are somewhat resistant to further mutation.
You are weak. (Str -2)


Message History

The Executioner hits you!!
* * * LOW HITPOINT WARNING * * *
The Executioner hits you but does no damage. x2
The Executioner closely misses you.
The Executioner hits you but does no damage.
The Executioner completely misses you. The Executioner closely misses you.
You block the Executioner's attack. x3
The Executioner hits you but does no damage. x2
Gloorx Vloq calls on the powers of darkness!
Your body is wracked with pain!
* * * LOW HITPOINT WARNING * * *
The ghost moth convulses!
The Executioner hits you.
* * * LOW HITPOINT WARNING * * *
You block the Executioner's attack. x2
The Executioner hits you but does no damage. x2
You block the Executioner's attack.
You feel better. The Executioner hits you.
* * * LOW HITPOINT WARNING * * *
You block the Executioner's attack.
The Executioner hits you but does no damage. x3
The Executioner hits you.
* * * LOW HITPOINT WARNING * * *
The Executioner hits you but does no damage.
You block the Executioner's attack.
The Executioner hits you but does no damage. x4
The Executioner hits you but does no damage.
The Executioner barely misses you. x2; You block the Executioner's attack. x3
The ghost moth stares at you.
You feel your power leaking away.
Gloorx Vloq hits you but does no damage.
The Executioner misses you.
The Executioner hits you but does no damage. x2
The Executioner hits you.
* * * LOW HITPOINT WARNING * * *
You block the Executioner's attack. x2
The Executioner hits you but does no damage.
You block the Executioner's attack.
The Executioner hits you but does no damage.
The Executioner hits you!
You die...

#......)))..##.#...§§§§###''###..
∩..).......###.....§§§§#.⌠..⌠.#).
∩.####################§#§.....###
∩...........##.#.#.#.#.§§.....#.#
#[..........##................#'#
##############................#.^
################'##############..
(≈....≈(#...###...##}#§§≈§≈≈###'#
≈......≈#...##..@..##)#§≈§.§#.#[#
........#[###...11..###....≈#.▓'▓
........)...'...&...'.........▓^.
........#'###.......#####.§≈#.▓..
≈......≈#≈≈≈##.....##^^.##)≈#.▓.^
(≈....≈(#'#'###...###^#..##)##▓..
###''####.#.# ##y####.##.##...▓..
).'[....#'#####.≈≈≈'#^##.####.▓..
#######.#.)'∩∩#.≈≈.#^^##......▓..


You could see Gloorx Vloq, a ghost moth (invisible) and 2 Executioners.

Vanquished Creatures
  the Royal Jelly (D)
  Tiamat (D)
  An ancient lich (D)
  Mara (D)
  An orb of fire (D)
  Mennas (D)
  Sojobo (D)
  Boris (D)
  2 royal mummies (D)
  A Killer Klown (D)
  Geryon (D)
  Nikola (D)
  A golden dragon (D)
  2 bone dragons (D)
  Nellie (D)
  An electric golem (D)
  2 Orb Guardians (D)
  A lich (D)
  A titan (D)
  Rupert (D)
  4 deep elf blademasters (D)
  2 quicksilver dragons (D)
  4 acid blobs (D)
  An Executioner (D)
  Harold (D)
  Chuck (D)
  Gastronok (D)
  2 sphinxes (D)
  An ancient champion (D)
  Roxanne (D)
  2 shadow dragons (D)
  A storm dragon (D)
  A nagaraja (D)
  11 azure jellies (D)
  4 rockslimes (D)
  2 draconian knights (D)
  2 fire giants (D)
  2 frost giants (D)
  A draconian shifter (D)
  2 draconian scorchers (D)
  3 draconian stormcallers (D)
  3 quicksilver oozes (D)
  3 stone giants (D)
  5 vampire knights (D)
  Nessos (D)
  2 deep elf demonologists (D)
  2 deep elf annihilators (D)
  2 dire elephants (D)
  A yellow draconian (D)
  Azrael (D)
  7 mummy priests (D)
  A naga warrior (D)
  2 deep elf high priests (D)
  A fire dragon (D)
  Erolcha (D)
  An ogre mage (D)
  4 yaktaur captains (D)
  3 hydras (D)
  16 vault guards (D)
  2 hell beasts (D)
  3 anacondas (D)
  4 dancing weapons (D)
  2 centaur warriors (D)
  4 death yaks (D)
  Urug (D)
  A titan zombie (D)
  2 sun demons (D)
  2 soul eaters (D)
  2 deep elf knights (D)
  A fire crab (shapeshifter) (D)
  9 skeletal warriors (D)
  An anaconda zombie (D)
  A spriggan druid (D)
  An obsidian statue (D)
  3 death drakes (D)
  A spectral iron dragon (D)
  A spectral hydra (D)
  A glowing orange brain (D)
  A sea snake (shapeshifter) (D)
  An orange crystal statue (D)
  A lindwurm (D)
  Joseph (D)
  4 orc knights (D)
  3 deep elf zephyrmancers (D)
  2 oklob plants (D)
  A deep elf pyromancer (D)
  4 crystal guardians (D)
  3 shining eyes (D)
  A moth of wrath (shapeshifter) (D)
  6 ugly things (D)
  A moth of wrath (D)
  2 elephants (D)
  A guardian serpent (D)
  A molten gargoyle (D)
  5 black mambas (D)
  9 statues (D)
  2 stone giant skeletons (D)
  2 cane toads (D)
  A rime drake (D)
  A komodo dragon (D)
  13 yaktaurs (D)
  3 wandering mushrooms (D)
  18 guardian mummies (D)
  2 ice devils (D)
  A queen bee (D)
  4 spriggan defenders (D)
  2 tyrant leeches (D)
  3 orc high priests (D)
  A slime creature (shapeshifter) (D)
  2 hornets (D)
  8 slime creatures (D)
  8 blink frogs (D)
  2 spriggans (D)
  3 shadows (D)
  5 redbacks (D)
  A golden eye (D)
  2 nagas (D)
  A spatial vortex (D)
  2 iron troll simulacra (D)
  A water moccasin (D)
  5 floating eyes (D)
  2 hydra simulacra (D)
  A swamp drake (D)
  4 orc warriors (D)
  3 black mamba simulacra (D)
  2 swamp dragon skeletons (D)
  5 two-headed ogres (D)
  A water elemental (D)
  A necrophage (D)
  32 killer bees (D)
  3 electric eels (D)
  3 quasits (D)
  A jelly (D)
  3 orc priests (D)
  Crazy Yiuf (D)
  Jessica (D)
  A wizard (D)
  2 orc wizards (D)
  3 necromancers (D)
  3 humans (D)
  A kobold demonologist (D)
  5 adders (D)
  9 orcs (D)
  A bat zombie (D)
  2 endoplasms (D)
  2 ball python zombies (D)
  A quokka zombie (D)
  3 ball lightnings (D)
  A ballistomycete spore (D)
  4 butterflies (D)
411 creatures vanquished.

Vanquished Creatures (collateral kills)
  2 acid blobs (D)
  An azure jelly (D)
  A stone giant (D)
  A mummy priest (D)
  A wind drake (shapeshifter) (D)
  A floating eye (D)
7 creatures vanquished.

Vanquished Creatures (others)
  A shadow wraith (D)
  A hornet (D)
  4 electric eels (D)
  3 ball lightnings (D)
  A ballistomycete spore (D)
  A bush (D)
  19 fire vortices (D)
  9 foxfires (D)
  56 plants (D)
95 creatures vanquished.

Grand Total: 513 creatures vanquished

Notes
Turn   | Place    | Note
-------+----------+-------------------------------------------
     0 | D        | rocky1 the Gargoyle Earth Elementalist began the quest for
                  | the Orb.
     0 | D        | Reached XP level 1. HP: 10/10 MP: 3/3
    17 | D        | Reached skill level 5 in Earth Magic
   288 | D        | Noticed Jessica
   293 | D        | Killed Jessica
   294 | D        | Reached XP level 2. HP: 14/15 MP: 1/5
   294 | D        | Reached XP level 3. HP: 18/19 MP: 1/6
   549 | D        | Noticed Crazy Yiuf
   553 | D        | Killed Crazy Yiuf
   554 | D        | Reached skill level 10 in Earth Magic
   554 | D        | Reached XP level 4. HP: 11/24 MP: 2/7
   733 | D        | Noticed a water elemental
   736 | D        | Killed a water elemental
   737 | D        | Reached XP level 5. HP: 28/28 MP: 4/8
   878 | D        | Learned a level 3 spell: Stone Arrow
   880 | D        | Found a radiant altar of Vehumet.
   880 | D        | Found a shimmering blue altar of Sif Muna.
   880 | D        | Found an ancient bone altar of Kikubaaqudgha.
  1044 | D        | Found a glowing silver altar of Zin.
  1044 | D        | Found a glowing golden altar of the Shining One.
  1044 | D        | Found a white marble altar of Elyvilon.
  1045 | D        | Noticed a deep elf pyromancer
  1047 | D        | Killed a deep elf pyromancer
  1048 | D        | Reached XP level 6. HP: 6/32 MP: 6/9
  1048 | D        | Reached XP level 7. HP: 6/36 MP: 6/10
  1059 | D        | Became a worshipper of Sif Muna the Loreminder
  1311 | D        | Found a basalt altar of Yredelemnul.
  1311 | D        | Found a shadowy altar of Dithmenos.
  1311 | D        | Found a sacrificial altar of Ru.
  1403 | D        | Noticed a shadow
  1405 | D        | Killed a shadow
  1405 | D        | Reached * piety under Sif Muna
  1406 | D        | Reached skill level 5 in Conjurations
  1409 | D        | Reached XP level 8. HP: 36/41 MP: 2/15
  1708 | D        | Found a blossoming altar of Fedhas.
  1708 | D        | Found a stormy altar of Qazlal.
  1708 | D        | Found a snail-covered altar of Cheibriados.
  1708 | D        | Found a burning altar of Makhleb.
  1708 | D        | Found a shimmering altar of Xom.
  1709 | D        | Found a hazy altar of Hepliaklqana.
  1709 | D        | Found an opulent altar of Gozag.
  1709 | D        | Found a sparkling altar of Nemelex Xobeh.
  1709 | D        | Found a corrupted altar of Lugonu.
  1709 | D        | Found a viscous altar of Jiyva.
  1713 | D        | Reached skill level 5 in Spellcasting
  1978 | D        | Found a hide-covered altar of Uskayaw.
  1978 | D        | Found an iron altar of Okawaru.
  1978 | D        | Found a bloodstained altar of Trog.
  1978 | D        | Found an ornate altar of the Wu Jian Council.
  1984 | D        | Reached ** piety under Sif Muna
  2301 | D        | HP: 1/41 [two-headed ogre/+0 giant spiked club (11)]
  2735 | D        | Noticed a two-headed ogre
  2740 | D        | Killed a two-headed ogre
  2740 | D        | Reached *** piety under Sif Muna
  2741 | D        | Reached XP level 9. HP: 7/45 MP: 4/21
  2998 | D        | Noticed Erolcha
  2998 | D        | Noticed a two-headed ogre
  3005 | D        | Killed Erolcha
  3006 | D        | Reached skill level 10 in Conjurations
  3007 | D        | Killed a two-headed ogre
  3008 | D        | Reached skill level 5 in Fighting
  3179 | D        | Reached **** piety under Sif Muna
  3214 | D        | Noticed a wandering mushroom
  3221 | D        | Killed a wandering mushroom
  3222 | D        | Reached skill level 10 in Spellcasting
  3222 | D        | Noticed a wandering mushroom
  3224 | D        | Noticed a wandering mushroom
  3227 | D        | Killed a wandering mushroom
  3228 | D        | Reached XP level 10. HP: 63/63 MP: 9/24
  3402 | D        | Reached ***** piety under Sif Muna
  3405 | D        | Received a gift from Sif Muna
  3418 | D        | Got Sif Muna's Guide on Confrontation {god gift}
  3608 | D        | Received a gift from Sif Muna
  3611 | D        | Got Qehuko's Papyrus of Attacks {god gift}
  3682 | D        | Noticed an orc knight
  3691 | D        | Killed an orc knight
  3816 | D        | Found Conunur's Antique Armour Emporium.
  3855 | D        | Bought a dazzling troll leather armour for 340 gold pieces
  3855 | D        | Identified the +1 troll leather armour of Ogurosob {rF-
                  | Regen+ Int+5 Slay+3} (You bought it in a shop in the
                  | Dungeon)
  3855 | D        | Bought a pair of glowing boots for 127 gold pieces
  3872 | D        | Bought a dyed leather armour for 85 gold pieces
  3924 | D        | Received a gift from Sif Muna
  3925 | D        | Got Sif Muna's Papyrus of Hurtful Air {god gift}
  3975 | D        | Learned a level 1 spell: Foxfire
  3997 | D        | Noticed a cane toad
  3997 | D        | Noticed a cane toad
  4002 | D        | Killed a cane toad
  4004 | D        | Killed a cane toad
  4006 | D        | HP: 2/66 [komodo dragon (25)]
  4175 | D        | Reached skill level 10 in Fighting
  4415 | D        | Received a gift from Sif Muna
  4416 | D        | Got Odaafril's Disquisition on Dusty Transmigration {god
                  | gift}
  4420 | D        | Reached XP level 11. HP: 73/73 MP: 6/27
  4426 | D        | Learned a level 5 spell: Lee's Rapid Deconstruction
  4669 | D        | Reached skill level 1 in Fire Magic
  4676 | D        | Reached skill level 1 in Invocations
  4765 | D        | Noticed a lindwurm
  4768 | D        | Killed a lindwurm
  4804 | D        | Reached ****** piety under Sif Muna
  4874 | D        | Noticed Urug
  4878 | D        | Killed Urug
  4878 | D        | Received a gift from Sif Muna
  4879 | D        | Got Xahych's Compendium of Conjuration {god gift}
  4977 | D        | Noticed a seven-headed hydra
  4977 | D        | Noticed a seven-headed hydra
  4991 | D        | Killed a seven-headed hydra
  4992 | D        | Reached skill level 15 in Conjurations
  4993 | D        | Killed a seven-headed hydra
  5129 | D        | Noticed a death drake
  5134 | D        | Killed a death drake
  5240 | D        | Noticed an anaconda
  5250 | D        | Found a blossoming altar of Fedhas.
  5250 | D        | Noticed a spriggan druid
  5255 | D        | Killed a spriggan druid
  5338 | D        | Noticed a death drake
  5348 | D        | Received a gift from Sif Muna
  5351 | D        | Killed an anaconda
  5351 | D        | Killed a death drake
  5353 | D        | Got Sif Muna's Papyrus of the Scorching Escort {god gift}
  5386 | D        | Noticed an anaconda
  5425 | D        | Killed an anaconda
  5426 | D        | Reached XP level 12. HP: 81/81 MP: 15/29
  5482 | D        | Noticed an anaconda
  5489 | D        | Killed an anaconda
  5489 | D        | Received a gift from Sif Muna
  5576 | D        | Reached skill level 10 in Invocations
  5745 | D        | Noticed a naga warrior
  5746 | D        | Noticed a nagaraja
  5754 | D        | Killed a naga warrior
  5764 | D        | Killed a nagaraja
  5845 | D        | Found Tydecem's Distillery.
  5845 | D        | Found Akhlout's Book Shoppe.
  5850 | D        | Found Sieshueq's Antique Armour Boutique.
  5862 | D        | Received a gift from Sif Muna
  5865 | D        | Got Sif Muna's Almanac of Toxins and Feathers {god gift}
  5878 | D        | Got a serpentine rune of Zot
  5892 | D        | Bought a potion of curing for 42 gold pieces
  5892 | D        | Bought a potion of mutation for 112 gold pieces
  5892 | D        | Bought a potion of brilliance for 56 gold pieces
  5892 | D        | Bought a potion of haste for 140 gold pieces
  5892 | D        | Bought a potion of cancellation for 112 gold pieces
  5892 | D        | Bought a potion of degeneration for 14 gold pieces
  5894 | D        | Bought a pair of runed boots for 142 gold pieces
  6011 | D        | Identified the +3 fire dragon scales of Wiwk {rF++ rC-
                  | Regen+ Stlth+}
  6408 | D        | Upgraded the game from 0.29-a0-243-g602b31c20e to
                  | 0.29-a0-251-g80730f7218
  6575 | D        | Learned a level 7 spell: Orb of Destruction
  6585 | D        | Noticed Rupert
  6591 | D        | Killed Rupert
  6724 | D        | Noticed a death yak
  6724 | D        | Noticed a death yak
  6728 | D        | Noticed a death yak
  6729 | D        | Killed a death yak
  6729 | D        | Killed a death yak
  6729 | D        | Received a gift from Sif Muna
  6730 | D        | Got Asmodeus's Catalogue of Cloudy Combat Magic {god gift}
  6730 | D        | Noticed a death yak
  6852 | D        | Noticed an azure jelly
  6852 | D        | Noticed an azure jelly
  6852 | D        | Noticed an azure jelly
  6852 | D        | Noticed an azure jelly
  6873 | D        | Learned a level 6 spell: Iron Shot
  6966 | D        | Learned a level 8 spell: Lehudib's Crystal Spear
  6976 | D        | Killed a death yak
  6977 | D        | Reached skill level 5 in Armour
  6978 | D        | Killed a death yak
  6979 | D        | Reached skill level 5 in Fire Magic
  7270 | D        | Killed an azure jelly
  7270 | D        | Killed an azure jelly
  7270 | D        | Killed an azure jelly
  7270 | D        | Received a gift from Sif Muna
  7271 | D        | Reached XP level 13. HP: 86/86 MP: 9/30
  7274 | D        | Killed an azure jelly
  7453 | D        | Got Sif Muna's Papyrus of Envenoming and Evil {god gift}
  7588 | D        | Learned a level 9 spell: Fire Storm
  7909 | D        | Found Tifurphobo's Jewellery Shoppe.
  7909 | D        | Found Luetiell's Magic Scroll Boutique.
  7909 | D        | Found Zurumue's Antique Armour Emporium.
  7917 | D        | Bought a pair of gloves for 94 gold pieces
  7917 | D        | Bought a cloak for 94 gold pieces
  7943 | D        | Got a decaying rune of Zot
  7986 | D        | Noticed a dire elephant
  7986 | D        | Noticed a dire elephant
  7986 | D        | Noticed Gastronok
  7992 | D        | Killed a dire elephant
  7998 | D        | Killed a dire elephant
  7998 | D        | Received a gift from Sif Muna
  8003 | D        | Killed Gastronok
  8011 | D        | Got Sif Muna's Collected Works on Earthen Intoxication {god
                  | gift}
  8346 | D        | Learned a level 4 spell: Flame Wave
  8355 | D        | Received a gift from Sif Muna
  8358 | D        | Received a gift from Sif Muna
  8360 | D        | Received a gift from Sif Muna
  8383 | D        | Got Sif Muna's Tome of Companions and Snow {god gift}
  8383 | D        | Got Sif Muna's Tome of Confrontation {god gift}
  8383 | D        | Got Sif Muna's Grimoire of Venomous Evil Rites {god gift}
  8614 | D        | Noticed Harold
  8614 | D        | Noticed Joseph
  8625 | D        | Killed Harold
  8626 | D        | Killed Joseph
  9041 | D        | Reached skill level 10 in Armour
  9148 | D        | Noticed a yaktaur captain
  9153 | D        | Killed a yaktaur captain
  9274 | D        | Noticed a yaktaur captain
  9449 | D        | Killed a yaktaur captain
  9512 | D        | Noticed Azrael
  9515 | D        | Killed Azrael
  9562 | D        | Received a gift from Sif Muna
  9567 | D        | Got Sif Muna's Disquisition on the Supportive Mountains
                  | {god gift}
  9589 | D        | Reached skill level 15 in Spellcasting
  9811 | D        | Reached skill level 10 in Fire Magic
  9930 | D        | Gained mutation: Your large and strong wings let you fly.
                  | [Gargoyle growth]
  9930 | D        | Reached XP level 14. HP: 76/92 MP: 7/33
 10075 | D        | Received a gift from Sif Muna
 10140 | D        | Identified the +3 halberd of Womifuok {venom, rF+}
 10175 | D        | Identified the +5 rapier of Compassion {vamp, Fragile Dex+4
                  | Stlth+}
 10187 | D        | Reached skill level 1 in Evocations
 10354 | D        | Got Sif Muna's Almanac of Confrontation
 10368 | D        | Received a gift from Sif Muna
 10501 | D        | Got Sif Muna's Reference Book on the Sinister Rocks {god
                  | gift}
 10689 | D        | Received a gift from Sif Muna
 11093 | D        | Noticed a vampire knight
 11097 | D        | Killed a vampire knight
 11234 | D        | Received a gift from Sif Muna
 11235 | D        | Got Sif Muna's Collected Works on Aerial Attacks {god gift}
 11502 | D        | Noticed a bone dragon
 11510 | D        | Killed a bone dragon
 11511 | D        | Reached skill level 5 in Evocations
 11643 | D        | Noticed a vampire knight
 11645 | D        | Killed a vampire knight
 11736 | D        | Received a gift from Sif Muna
 11737 | D        | Got Sif Muna's Incunabulum of Enthralling Stones {god gift}
 11833 | D        | Noticed a bone dragon
 11839 | D        | Killed a bone dragon
 11892 | D        | Noticed a vampire knight
 11893 | D        | Paralysed by a vampire knight for 3 turns
 11896 | D        | Killed a vampire knight
 12171 | D        | Noticed Chuck
 12179 | D        | Killed Chuck
 12179 | D        | Received a gift from Sif Muna
 12180 | D        | Got Sif Muna's Catalogue of Torrid Feathers {god gift}
 12317 | D        | Noticed Sojobo
 12327 | D        | Killed Sojobo
 12451 | D        | Noticed a lich
 12455 | D        | Killed a lich
 12642 | D        | Noticed a shadow dragon
 12645 | D        | Noticed a shadow dragon
 12647 | D        | Killed a shadow dragon
 12648 | D        | Reached XP level 15. HP: 52/96 MP: 10/35
 12656 | D        | Received a gift from Sif Muna
 12659 | D        | Killed a shadow dragon
 12666 | D        | Got Asowav's Disquisition on Lethal Weightlessness {god
                  | gift}
 12901 | D        | Noticed a frost giant
 12901 | D        | Noticed a quicksilver dragon
 12901 | D        | Noticed a fire giant
 12901 | D        | Noticed a titan
 12901 | D        | Noticed a quicksilver dragon
 12902 | D        | Noticed a golden dragon
 12904 | D        | Killed a quicksilver dragon
 12904 | D        | Received a gift from Sif Muna
 12904 | D        | Killed a fire giant
 12904 | D        | Killed a quicksilver dragon
 12904 | D        | Received a gift from Sif Muna
 12904 | D        | Killed a frost giant
 12904 | D        | Received a gift from Sif Muna
 12905 | D        | Reached skill level 15 in Fire Magic
 12912 | D        | Killed a titan
 12914 | D        | Killed a golden dragon
 12914 | D        | Received a gift from Sif Muna
 12915 | D        | Got Sif Muna's Papyrus of Fetching Earth {god gift}
 13046 | D        | Got Sif Muna's Catalogue of Transformation and
                  | Confrontation {god gift}
 13046 | D        | Got Sif Muna's Advanced Guide to Magic {god gift}
 13046 | D        | Got Sif Muna's Disquisition on Transformation and Arcane
                  | Weapons {god gift}
 13167 | D        | Got the Reference Book on Orientation
 13202 | D        | Got a silver rune of Zot
 13519 | D        | Found Vecs's Book Emporium.
 13519 | D        | Found Ejac's Distillery.
 13519 | D        | Found Poisiwol's Book Boutique.
 13519 | D        | Found Nosokhly's Armour Shoppe.
 13519 | D        | Found Torogem's Jewellery Boutique.
 13519 | D        | Found Tiull's Jewellery Emporium.
 13519 | D        | Found Giuw's Magic Scroll Shoppe.
 13519 | D        | Found Qaodgh's Antique Armour Shop.
 13519 | D        | Found Datomar's Distillery.
 13519 | D        | Found Dimun's Antique Weapon Emporium.
 13519 | D        | Found Viphiw's Book Boutique.
 13576 | D        | Bought a crude robe for 114 gold pieces
 13576 | D        | Identified the +1 robe "Feur" {Dex+4} (You bought it in a
                  | shop in the Dungeon)
 13578 | D        | Bought a potion of curing for 33 gold pieces
 13578 | D        | Bought a potion of mutation for 88 gold pieces
 13578 | D        | Bought a potion of mutation for 88 gold pieces
 13578 | D        | Bought 2 potions of heal wounds for 110 gold pieces
 13578 | D        | Bought a potion of resistance for 110 gold pieces
 13588 | D        | Bought a potion of mutation for 80 gold pieces
 13588 | D        | Bought a potion of lignification for 30 gold pieces
 13588 | D        | Bought a potion of lignification for 30 gold pieces
 13588 | D        | Bought a potion of mutation for 80 gold pieces
 13620 | D        | Bought a +6 ring of intelligence for 819 gold pieces
 13784 | D        | Noticed Nellie
 13790 | D        | Killed Nellie
 13797 | D        | Got a demonic rune of Zot
 13966 | D        | Received a gift from Sif Muna
 13977 | D        | Got Sif Muna's Incunabulum of Captivating Ignition {god
                  | gift}
 14002 | D        | Identified the +2 whip "Juutraxo" {drain, Dex+2}
 14009 | D        | Noticed a deep elf blademaster
 14027 | D        | Reached XP level 16. HP: 41/103 MP: 7/38
 14030 | D        | Noticed a Brimstone Fiend
 14032 | D        | Identified the +1 scale mail "Toehioh" {Contam rC+ Int+9
                  | Slay+3}
 14032 | D        | Killed a deep elf blademaster
 14033 | D        | Reached skill level 27 in Earth Magic
 14256 | D        | Identified the ring "Tecroq" {rPois rC++ SInv}
 14256 | D        | Identified the amulet "Pioholao" {Acrobat Rampage rCorr
                  | Str-3 Dex+3}
 14381 | D        | Received a gift from Sif Muna
 14388 | D        | Got Sif Muna's Almanac of the Glacier {god gift}
 14512 | D        | Learned a level 8 spell: Ignition
 14530 | D        | Noticed Boris
 14550 | D        | Killed Boris
 14550 | D        | Received a gift from Sif Muna
 14551 | D        | Got Sif Muna's Papyrus of the Excruciating Traveller {god
                  | gift}
 14933 | D        | Found Noqileat's Armour Shop.
 14936 | D        | Found Ecanav's Distillery.
 14936 | D        | Found Goac's Distillery.
 14936 | D        | Found Suplewim's Armour Emporium.
 14943 | D        | Bought a potion of heal wounds for 60 gold pieces
 14943 | D        | Bought 2 potions of resistance for 240 gold pieces
 14943 | D        | Bought a potion of heal wounds for 60 gold pieces
 14943 | D        | Bought a potion of haste for 120 gold pieces
 14944 | D        | Bought a potion of curing for 30 gold pieces
 14944 | D        | Bought a potion of magic for 80 gold pieces
 14944 | D        | Bought 2 potions of curing for 60 gold pieces
 14944 | D        | Bought a potion of curing for 30 gold pieces
 14944 | D        | Bought a potion of curing for 30 gold pieces
 14944 | D        | Bought a potion of curing for 30 gold pieces
 15057 | D        | Noticed Roxanne
 15062 | D        | Killed Roxanne
 15167 | D        | Found Fidingel's Distillery.
 15171 | D        | Received a gift from Sif Muna
 15235 | D        | Bought a potion of curing for 42 gold pieces
 15235 | D        | Bought a potion of curing for 42 gold pieces
 15235 | D        | Bought a potion of haste for 140 gold pieces
 15236 | D        | Acquired a ring of magical power
 15238 | D        | Acquired 458 gold pieces
 15240 | D        | Acquired 1261 gold pieces
 15243 | D        | Bought a potion of curing for 42 gold pieces
 15275 | D        | Received a gift from Sif Muna
 15486 | D        | Got Sif Muna's Grimoire of Aerial Necromancy {god gift}
 15512 | D        | Learned a level 9 spell: Shatter
 15512 | D        | Noticed an Executioner
 15514 | D        | Killed an Executioner
 15515 | D        | Reached skill level 15 in Fighting
 15527 | D        | Received a gift from Sif Muna
 15528 | D        | Got Sif Muna's Thorough Guide to the Arcane Arts {god gift}
 15589 | D        | Noticed Nessos
 15602 | D        | Received a gift from Sif Muna
 15692 | D        | Killed Nessos
 15741 | D        | Received a gift from Sif Muna
 15742 | D        | Got Ceaffuse's Guide on the Doomed Voyage {god gift}
 15932 | D        | Noticed Mennas
 15938 | D        | Killed Mennas
 16599 | D        | Received a gift from Sif Muna
 16600 | D        | Got Sif Muna's Almanac of Flying Displacement {god gift}
 16777 | D        | Noticed a deep elf blademaster
 16778 | D        | Noticed a deep elf blademaster
 16780 | D        | Killed a deep elf blademaster
 16781 | D        | Reached skill level 5 in Shields
 16784 | D        | Killed a deep elf blademaster
 16943 | D        | Received a gift from Sif Muna
 16944 | D        | Reached XP level 17. HP: 115/115 MP: 10/41
 16944 | D        | Got Sif Muna's Reference Book on Moulding {god gift}
 17080 | D        | Noticed a Killer Klown
 17089 | D        | Killed a Killer Klown
 17090 | D        | Reached skill level 15 in Invocations
 17160 | D        | Noticed an Orb Guardian
 17160 | D        | Noticed an Orb Guardian
 17161 | D        | Killed an Orb Guardian
 17163 | D        | Killed an Orb Guardian
 17375 | D        | Noticed an ancient lich
 17379 | D        | Killed an ancient lich
 17379 | D        | Received a gift from Sif Muna
 17541 | D        | Noticed an electric golem
 17545 | D        | Killed an electric golem
 17778 | D        | Reached skill level 10 in Shields
 17858 | D        | Found the +4 dragonskin cloak
 17858 | D        | Noticed Tiamat
 17859 | D        | Received a gift from Sif Muna
 17861 | D        | Noticed an orb of fire
 17865 | D        | Killed Tiamat
 17865 | D        | Gained mutation: Your magical capacity is low. (-10% MP)
                  | [an orb of fire]
 17866 | D        | Reached skill level 27 in Conjurations
 17868 | D        | Killed an orb of fire
 18201 | D        | Gained mutation: You are weak. (Str -2) [a zot statue]
 18207 | D        | Gained mutation: You tend to lose your temper in combat.
                  | [mutagenic glow]
 18217 | D        | Gained mutation: You are frail. (-10% HP) [mutagenic glow]
 18300 | D        | Lost mutation: You are frail. (-10% HP) [potion of
                  | mutation]
 18300 | D        | Lost mutation: You tend to lose your temper in combat.
                  | [potion of mutation]
 18300 | D        | Lost mutation: Your magical capacity is low. (-10% MP)
                  | [potion of mutation]
 18300 | D        | Gained mutation: You are somewhat resistant to further
                  | mutation. [potion of mutation]
 18480 | D        | Noticed a deep elf blademaster
 18486 | D        | Killed a deep elf blademaster
 18486 | D        | Received a gift from Sif Muna
 18491 | D        | Learned a level 2 spell: Blink
 18638 | D        | Reached skill level 1 in Translocations
 18731 | D        | Noticed Nikola
 18746 | D        | Killed Nikola
 18980 | D        | Noticed Mara
 18983 | D        | Received a gift from Sif Muna
 18991 | D        | Killed Mara
 18992 | D        | Reached skill level 5 in Translocations
 19006 | D        | Noticed an ancient champion
 19126 | D        | Killed an ancient champion
 19228 | D        | Noticed a sphinx
 19228 | D        | Noticed a sphinx
 19232 | D        | Killed a sphinx
 19233 | D        | Killed a sphinx
 19301 | D        | Received a gift from Sif Muna
 19460 | D        | Received a gift from Sif Muna
 19461 | D        | Got Kitedeade's Almanac of Supportive Arcane Weapons {god
                  | gift}
 19748 | D        | Received a gift from Sif Muna
 19749 | D        | Received a gift from Sif Muna
 19750 | D        | Reached skill level 15 in Shields
 20031 | D        | Noticed a royal mummy
 20031 | D        | Noticed a royal mummy
 20034 | D        | Killed a royal mummy
 20035 | D        | Reached XP level 18. HP: 98/123 MP: 19/43
 20037 | D        | Killed a royal mummy
 20196 | D        | Got a golden rune of Zot
 20206 | D        | Got the Catalogue of the Freezing Blaze
 20645 | D        | Noticed the Royal Jelly
 20650 | D        | Killed the Royal Jelly
 20650 | D        | Received a gift from Sif Muna
 20742 | D        | Got a slimy rune of Zot
 20745 | D        | Identified the -5 pair of gloves "Xeloqule" {Str+6 Dex+3}
 21109 | D        | Noticed Geryon
 21121 | D        | Killed Geryon
 21249 | D        | Received a gift from Sif Muna
 21255 | D        | Noticed Gloorx Vloq
 21289 | D        | Slain by an Executioner

Illustrated notes

Levels and vault maps discovered:
D:        dungeon_sprint_mu [sprint_mu_entry_cave, sprint_mu_temple_rooms,
          sprint_mu_d1_spiders, sprint_mu_d2_genie, sprint_mu_d3_branching,
          sprint_mu_orc_legion, sprint_mu_elf_gauntlet, sprint_mu_hive_nellie,
          sprint_mu_lair_fedhas, sprint_mu_vaults_butterflies,
          sprint_mu_slime_circle, sprint_mu_swamp_cave, sprint_mu_snake_twists,
          sprint_mu_blade_basic, sprint_mu_crypt_chambers,
          sprint_mu_tomb_spiral, sprint_mu_vestibule_basic,
          sprint_mu_gehenna_hellfire, sprint_mu_dis_giant,
          sprint_mu_tartarus_statrot, sprint_mu_cocytus_islands, sprint_mu_zot1]

Skill      XL: |  1  2  3  4  5  6  7  8  9 10 11 12 13 14 15 16 17 18 |
---------------+-------------------------------------------------------+-----
Earth Magic    | 8 10 12 18 19 21 23 24 26 27 | 27.0
Conjurations   | 5 9 12 14 16 18 19 21 23 25 27 | 27.0
Spellcasting   | 4 8 10 12 13 15 16 18 20 21 | 21.9
Fighting       | 7 10 12 15 17 18 | 18.4
Fire Magic     | 4 6 10 13 16 19 22 23 | 23.3
Invocations    | 9 12 14 17 | 17.7
Armour         | 6 10 14 17 20 24 25 | 25.0
Evocations     | 6 |  6.5
Shields        | 6 15 16 | 16.8
Translocations | 5 |  5.1
Dodging        | |  1.5
Stealth        | |  2.1
Transmutations | |  0.7

Action                   |  1- 3 |  4- 6 |  7- 9 | 10-12 | 13-15 | 16-18 || total
-------------------------+-------+-------+-------+-------+-------+-------++-------
Melee: Unarmed           |     2 |       |       |       |       |       ||     2
       Long sword        |       |       |     5 |    16 |       |       ||    21
       Punch             |       |       |       |     1 |       |       ||     1
       Scimitar          |       |       |       |     2 |    16 |       ||    18
       Staff             |       |       |       |       |    30 |    12 ||    42
       Halberd           |       |       |       |       |     2 |       ||     2
 Cast: Sandblast         |    13 |     7 |     1 |     1 |       |       ||    22
       Stone Arrow       |       |       |    39 |    80 |     2 |       ||   121
       Lee's Rapid Decon |       |       |       |    62 |    13 |    10 ||    85
       Foxfire           |       |       |       |     5 |       |       ||     5
       Iron Shot         |       |       |       |     5 |   153 |    76 ||   234
       Lehudib's Crystal |       |       |       |     1 |    32 |    83 ||   116
       Orb of Destructio |       |       |       |     1 |    10 |     4 ||    15
       Flame Wave        |       |       |       |       |     6 |       ||     6
       Fire Storm        |       |       |       |       |     1 |     6 ||     7
       Chain Lightning   |       |       |       |       |     1 |       ||     1
       Ignition          |       |       |       |       |       |    13 ||    13
       Shatter           |       |       |       |       |       |     4 ||     4
Invok: Channel Magic     |       |       |       |     4 |    12 |    16 ||    32
       Forget Spell      |       |       |       |     1 |     1 |       ||     2
       Divine Exegesis   |       |       |       |     1 |     2 |     1 ||     4
Evoke: Lightning rod     |       |       |     4 |       |       |       ||     4
       Wand              |       |       |       |       |     1 |     4 ||     5
  Use: Scroll            |       |     1 |       |     6 |     2 |     7 ||    16
       Potion            |       |       |     1 |     2 |     3 |    11 ||    17
 Stab: Sleeping          |     1 |       |       |       |       |       ||     1
Armor: Robe              |     1 |       |     2 |     8 |       |       ||    11
       Troll leather arm |       |       |       |    31 |    28 |       ||    59
       Leather armour    |       |       |       |    18 |    92 |       ||   110
       Fire dragon scale |       |       |       |       |    20 |       ||    20
       Scale mail        |       |       |       |       |       |   133 ||   133
Dodge: Dodged            |     1 |     1 |     9 |    45 |   139 |    58 ||   253
Block: Other             |       |       |       |       |       |    21 ||    21
       Reflection        |       |       |       |       |       |     3 ||     3
       Kite shield       |       |       |       |       |       |    85 ||    85

Table legend: (Time is in decaauts) A = Elapsed time spent in this place. B = Non-inter-level travel time spent in this place. C = Inter-level travel time spent in this place. D = Time resting spent in this place. E = Time spent auto-exploring this place. F = Levels seen in this place. G = Mean time per level. A B C D E F G +--------+--------+--------+--------+--------+-----+--------+ Total | 21309 | 20323 | 986 | 15760 | 1 | 1 | 21309.0 | Dungeon | 21309 | 20323 | 986 | 15760 | 1 | 1 | 21309.0 | +--------+--------+--------+--------+--------+-----+--------+

Top non-repeatable levels by time:
       D: 21309 daAuts
